 Dungeon Crawl Stone Soup version 0.21.1-1-g345015f (webtiles) character file.

5935 Mgcat the Grappler (level 10, -1/83 HPs)
             Began as a Troll Transmuter on Mar 11, 2018.
             Was an Elder of Okawaru.
             Slain by a red ugly thing (11 damage)
             ... on level 10 of the Dungeon.
             The game lasted 00:25:17 (7441 turns).

Mgcat the Grappler (Troll Transmuter)               Turns: 7441, Time: 00:25:17

Health: -1/83      AC:  2    Str: 23    XL:     10   Next: 54%
Magic:  0/17       EV: 19    Int:  9    God:    Okawaru [****..]
Gold:   496        SH:  0    Dex: 15    Spells: 4/19 levels left

rFire    . . .     SeeInvis .     - Unarmed
rCold    . . .     Gourm    +   (shield currently unavailable)
rNeg     . . .     Faith    .   (armour currently unavailable)
rPois    x         Spirit   +   (helmet currently unavailable)
rElec    .         Reflect  .   (cloak currently unavailable)
rCorr    +         Harm     .   (gloves unavailable)
MR       .....                  (boots unavailable)
Stlth    +.........             y - amulet of guardian spirit {Spirit}
HPRegen  0.63/turn              m - ring of resist corrosion
MPRegen  0.15/turn              (no ring)

@: spider-form (expiring)
A: tiny, unfitting armour, fast metabolism 3, gourmand, regeneration 1
a: End Transformation, Heroism, Renounce Religion


You were on level 10 of the Dungeon.
You worshipped Okawaru.
Okawaru was greatly pleased with you.
You were not hungry.
You were a venomous arachnid creature.
You visited 2 branches of the dungeon, and saw 11 of its levels.

You collected 496 gold pieces.

Inventory:

Missiles
 a - 139 arrows
 r - 2 throwing nets {=f, !d}
 D - 6 steel tomahawks (quivered)
Armour
 b - a +2 robe (melded)
Jewellery
 m - a ring of resist corrosion (left front leg)
   (You found it on level 5 of the Dungeon)
 y - an amulet of guardian spirit (around neck) {Spirit}
   (You found it on level 7 of the Dungeon)
Wands
 n - a wand of enslavement (20)
   (You found it on level 6 of the Dungeon)
 o - a wand of iceblast (18)
   (You found it on level 7 of the Dungeon)
 p - a wand of paralysis (13)
   (You took it off a hobgoblin on level 3 of the Dungeon)
 w - a wand of scattershot (3)
   (You found it on level 6 of the Dungeon)
 x - a wand of polymorph (16)
   (You took it off an orc warrior on level 8 of the Dungeon)
Scrolls
 e - 5 scrolls of teleportation
 g - 6 scrolls of identify
 h - a scroll of remove curse
 q - 4 scrolls of magic mapping {!r}
 t - a scroll of silence {unknown}
 u - 2 scrolls of noise {unknown}
 v - a scroll of fear {unknown}
 A - a scroll of random uselessness {unknown}
 C - a scroll of torment {unknown}
 E - a scroll of enchant weapon
Potions
 f - 2 potions of haste
 i - 3 potions of agility {unknown}
 j - 6 potions of brilliance
 k - a potion of heal wounds {unknown}
 l - 4 potions of curing
 s - 2 potions of cancellation {unknown}
 z - 2 potions of flight {unknown}
 B - a potion of resistance
Books
 c - a book of Changes
Comestibles
 d - 20 rations


   Skills:
 - Level 0.7 Fighting
 - Level 1.5 Dodging
 - Level 8.1 Unarmed Combat
 + Level 5.3 Spellcasting
 + Level 6.4 Transmutations
 - Level 6.0 Poison Magic


You had 4 spell levels left.
You knew the following spells:

 Your Spells              Type           Power        Failure   Level  Hunger
a - Beastly Appendage     Tmut           ##....       7%          1    #......
b - Sticks to Snakes      Tmut           ##......     10%         2    ##.....
c - Spider Form           Tmut/Pois      ##........   16%         3    ###....
d - Ice Form              Ice/Tmut       #.......     73%         4    #####..
e - Blade Hands           Tmut           ##........   63%         5    ######.


Dungeon Overview and Level Annotations

Branches:
Dungeon (10/15)            Temple (1/1) D:6            Lair (0/6) D:10
    Orc: D:9-12

Altars:
Ashenzari
Cheibriados
Dithmenos
Elyvilon
Fedhas
Gozag
Hepliaklqana
Kikubaaqudgha
Makhleb
Nemelex Xobeh
Okawaru
Qazlal
Ru
Sif Muna
Trog
Uskayaw
Vehumet
Wu Jian
Xom
Yredelemnul
Zin
The Shining One

Shops:
D:10 !

Annotations:
D:2 exclusion: Sigmund, Sigmund


Innate Abilities, Weirdness & Mutations

You are too large for most types of armour.
((You have claws for hands.))
Your metabolism is lightning-fast.
You like to eat raw meat.
Your natural rate of healing is unusually fast.
((You are covered in fur. (AC +1)))
((You have very tough skin. (AC +2)))


Message History

The kobold completely misses you.
You bite the kobold!
You kill the kobold!
Okawaru accepts your kill.
No target in view!
Your transformation is almost over.
Things that are here:
a whip; a kobold corpse
Things that are here:
a whip; a kobold corpse Your transformation has ended.
Your +2 robe unmelds from your body.
Casting: Spider Form
Confirm with . or Enter, or press ? or * to list all spells.
You turn into a venomous arachnid creature.
Your +2 robe melds into your body.
Casting: Spider Form
Confirm with . or Enter, or press ? or * to list all spells.
Your transformation has ended.
Your +2 robe unmelds from your body.
Your feet morph into talons.
You are feeling very hungry.
Casting: Beastly Appendage
Confirm with . or Enter, or press ? or * to list all spells.
Your talons disappear.
You turn into a venomous arachnid creature.
Your +2 robe melds into your body.
Your transformation is almost over.
Your transformation has ended.
Your +2 robe unmelds from your body.
There is an open door here.
Found a stone staircase leading up.
You are near starving!
The troll shouts!
The troll is too close now for your liking.
You see here a scroll of magic mapping {!r}.
Casting: Spider Form
Confirm with . or Enter, or press ? or * to list all spells.
You turn into a venomous arachnid creature.
Your +2 robe melds into your body.
You hit the troll.
The troll is poisoned.
The troll is lightly wounded.
You bite the troll!
The troll looks as sick as possible!
The troll is heavily wounded.
The troll barely misses you. The troll claws you!
The troll completely misses you.
You barely miss the troll.
The troll is heavily wounded.
The troll closely misses you. The troll misses you.
The troll barely misses you.
You bite the troll!
The troll is severely wounded.
The troll completely misses you. The troll claws you!
The troll claws you but does no damage.
You barely miss the troll.
The troll is severely wounded.
The troll misses you. The troll closely misses you. The troll misses you.
You hit the troll.
The troll looks as sick as possible!
The troll is almost dead.
The troll completely misses you. The troll claws you.
The troll completely misses you.
You bite the troll!
You kill the troll!
Okawaru accepts your kill.
Your transformation is almost over.
Your transformation has ended.
Your +2 robe unmelds from your body.
q - 4 scrolls of magic mapping {!r} (gained 1)
You open the door.
There is an open door here.
A red ugly thing comes into view.
The red ugly thing gurgles horribly!
Casting: Spider Form
Confirm with . or Enter, or press ? or * to list all spells.
You turn into a venomous arachnid creature.
Your +2 robe melds into your body.
You are starving!
You eat one of the 21 rations.
That ration really hit the spot!
The red ugly thing closely misses you.
You hit the red ugly thing.
The red ugly thing is lightly wounded.
The red ugly thing claws you.
You are engulfed in flames!!
You maul the red ugly thing!!
The red ugly thing is poisoned.
The red ugly thing is moderately wounded.
The red ugly thing closely misses you.
You bite the red ugly thing!
The red ugly thing looks as sick as possible!
The red ugly thing is heavily wounded.
You hit the red ugly thing but do no damage.
The red ugly thing looks as sick as possible!
The red ugly thing is heavily wounded.
The red ugly thing claws you!
You are engulfed in flames!!
You hit the red ugly thing.
The red ugly thing is heavily wounded.
The red ugly thing claws you.
You are engulfed in flames!!
* * * LOW HITPOINT WARNING * * *
Your transformation is almost over.
The red ugly thing claws you.
* * * LOW HITPOINT WARNING * * *
You are engulfed in flames!
You die...

#...# .###.##..##
..#######........##### ##..
.#...≈...#...........# ....
...#...#.............# ....
..##...##....##......# ...
#...PPPP..#..##..##..# ..#
#≈.PP>P..≈#......##..##..##..
#...PPP...#..................
..##..P##.......su...........
...#...#.........##'###......
.#...≈...#.......##..# .....
..#######....##..+...# ##..
#............##..#...# .
##........#..+...#####
#........#..#...#
##..##.<######..# ########


You could see a red ugly thing.

Vanquished Creatures
  A two-headed ogre (D:9)
  A troll (D:10)
  2 hippogriffs
  Eustachio (D:6)
  A wraith (D:10)
  The ghost of aMcNicky the Conjurer, an amateur HuCj (D:3)
  A black bear (D:8)
  A sky beast (D:7)
  An ice beast (D:6)
  A phantom (D:5)
  4 orc warriors
  2 centaurs (D:6)
  4 ogres
  5 bullfrogs
  2 big kobolds
  A water moccasin skeleton (D:10)
  3 scorpions
  7 killer bees
  2 howler monkeys
  3 jellies
  3 centaur zombies
  A bullfrog zombie (D:6)
  3 hounds
  A bullfrog skeleton (D:9)
  6 orc priests
  10 orc wizards
  2 iguanas
  7 worker ants
  A killer bee zombie (D:8)
  A hound zombie (D:6)
  2 hound skeletons
  A worker ant zombie (D:8)
  14 adders
  3 gnolls (D:3)
  2 adder skeletons
  6 worms
  3 dart slugs
  6 leopard geckos
  28 orcs
  12 bats
  6 giant cockroaches
  12 goblins
  8 hobgoblins
  16 jackals
  4 quokkas
  2 ball pythons (D:1)
  8 frilled lizards
  13 kobolds
  A quokka skeleton (D:5)
  9 rats
235 creatures vanquished.

Vanquished Creatures (collateral kills)
  2 killer bees (D:9)
2 creatures vanquished.

Grand Total: 237 creatures vanquished

Notes
Turn   | Place    | Note
-------+----------+-------------------------------------------
     0 | D:1      | Mgcat the Troll Transmuter began the quest for the Orb.
     0 | D:1      | Reached XP level 1. HP: 18/18 MP: 1/1
    67 | D:1      | Reached XP level 2. HP: 26/26 MP: 2/2
   295 | D:1      | Reached skill level 4 in Unarmed Combat
   404 | D:1      | Reached XP level 3. HP: 32/32 MP: 3/3
   656 | D:2      | Noticed Sigmund
   817 | D:2      | Reached XP level 4. HP: 40/40 MP: 4/4
   834 | D:2      | Reached skill level 5 in Unarmed Combat
  1184 | D:3      | Reached XP level 5. HP: 34/46 MP: 5/5
  1195 | D:3      | Reached skill level 6 in Unarmed Combat
  1241 | D:3      | Found a faded altar of an unknown god.
  1381 | D:3      | Noticed aMcNicky's ghost (amateur HuCj)
  1395 | D:3      | Killed aMcNicky's ghost
  1395 | D:3      | Reached skill level 7 in Unarmed Combat
  1395 | D:3      | Reached XP level 6. HP: 46/54 MP: 3/6
  1686 | D:3      | Noticed an air elemental
  1688 | D:3      | Found a stormy altar of Qazlal.
  1689 | D:3      | Noticed a fire elemental
  1689 | D:3      | Noticed a water elemental
  1864 | D:4      | Reached skill level 8 in Unarmed Combat
  1864 | D:4      | Reached XP level 7. HP: 61/61 MP: 4/7
  1868 | D:4      | Learned a level 2 spell: Sticks to Snakes
  1872 | D:4      | Learned a level 3 spell: Spider Form
  1931 | D:5      | Entered Level 5 of the Dungeon
  2130 | D:5      | Reached skill level 2 in Transmutations
  2130 | D:5      | Reached skill level 1 in Poison Magic
  2266 | D:5      | Reached skill level 2 in Spellcasting
  2484 | D:5      | Reached skill level 2 in Poison Magic
  2570 | D:6      | Reached XP level 8. HP: 36/68 MP: 10/10
  2715 | D:6      | Found a staircase to the Ecumenical Temple.
  2726 | Temple   | Entered the Ecumenical Temple
  2806 | Temple   | Became a worshipper of Warmaster Okawaru
  2976 | D:6      | Noticed Eustachio
  2992 | D:6      | Reached skill level 3 in Transmutations
  3004 | D:6      | Killed Eustachio
  3128 | D:6      | Reached skill level 3 in Poison Magic
  3157 | D:5      | Reached skill level 3 in Spellcasting
  3230 | D:5      | Reached * piety under Okawaru
  3281 | D:6      | Reached skill level 4 in Transmutations
  3861 | D:7      | HP: 13/68 [orc warrior/mace (11)]
  3868 | D:7      | Reached XP level 9. HP: 15/75 MP: 3/13
  4160 | D:7      | Reached skill level 4 in Poison Magic
  4685 | D:7      | Found a radiant altar of Vehumet.
  5029 | D:8      | Reached ** piety under Okawaru
  5184 | D:8      | Learned a level 4 spell: Ice Form
  5190 | D:8      | Learned a level 5 spell: Blade Hands
  5236 | D:8      | Reached skill level 4 in Spellcasting
  5349 | D:8      | Reached skill level 5 in Transmutations
  5377 | D:8      | HP: 18/75 [poisoned by a killer bee]
  5382 | D:8      | HP: 16/75 [poisoned by a killer bee]
  5388 | D:8      | HP: 16/75 [poisoned by a killer bee]
  5393 | D:8      | HP: 16/75 [poisoned by a killer bee]
  5399 | D:8      | HP: 18/75 [poisoned by a killer bee]
  5622 | D:8      | Reached skill level 5 in Poison Magic
  5862 | D:8      | Reached *** piety under Okawaru
  6276 | D:9      | Noticed a two-headed ogre
  6277 | D:9      | Reached XP level 10. HP: 72/83 MP: 11/15
  6362 | D:9      | Killed a two-headed ogre
  6362 | D:9      | Received a gift from Okawaru
  6442 | D:9      | Found a stormy altar of Qazlal.
  6789 | D:10     | Entered Level 10 of the Dungeon
  6869 | D:9      | Reached skill level 6 in Transmutations
  6869 | D:9      | HP: 16/83 [killer bee (5)]
  6874 | D:9      | HP: 15/83 [poisoned by a killer bee]
  6875 | D:9      | HP: 7/83 [killer bee (8)]
  6877 | D:9      | HP: 1/83 [killer bee (6)]
  6884 | D:9      | HP: 3/83 [poisoned by a killer bee]
  6891 | D:9      | HP: 5/83 [poisoned by a killer bee]
  6899 | D:9      | HP: 8/83 [poisoned by a killer bee]
  7010 | D:10     | Found a staircase to the Lair.
  7013 | D:10     | Reached skill level 5 in Spellcasting
  7053 | D:10     | Found Gutis's Distillery.
  7059 | D:10     | HP: 19/83 [troll (6)]
  7070 | D:10     | HP: 13/83 [troll (13)]
  7070 | D:10     | HP: 4/83 [troll (9)]
  7271 | D:10     | Reached **** piety under Okawaru
  7271 | D:10     | Reached skill level 6 in Poison Magic
  7427 | D:10     | Noticed a red ugly thing
  7436 | D:10     | HP: 10/83 [red ugly thing (16)]
  7441 | D:10     | HP: 10/83 [red ugly thing (3)]
  7441 | D:10     | Slain by a red ugly thing

Skill      XL: |  1  2  3  4  5  6  7  8  9 10 |
---------------+-------------------------------+-----
Unarmed Combat | 4 5 7 8 |  8.1
Transmutations | 2 4 5 6 |  6.4
Poison Magic   | 2 3 5 6 |  6.0
Spellcasting   | 2 3 4 5 |  5.3
Fighting       | |  0.7
Dodging        | |  1.5

Action                   |  1- 3 |  4- 6 |  7- 9 | 10-12 || total
-------------------------+-------+-------+-------+-------++-------
Melee: Unarmed           |   108 |   147 |   397 |    86 ||   738
       Punch             |     2 |       |    14 |     3 ||    19
       Kick              |       |     1 |    12 |     1 ||    14
       Headbutt          |       |       |     1 |       ||     1
 Cast: Beastly Appendage |       |     2 |     9 |     4 ||    15
       Sticks to Snakes  |       |       |     5 |     7 ||    12
       Spider Form       |       |       |     4 |     8 ||    12
Evoke: Wand              |       |       |       |     5 ||     5
  Use: Scroll            |       |       |    10 |       ||    10
       Potion            |       |       |       |     2 ||     2
 Stab: Distracted        |       |       |     1 |       ||     1
  Eat: Chunk             |    13 |    10 |    42 |     1 ||    66
       Ration            |       |       |       |     1 ||     1
Armor: Robe              |    41 |    36 |   149 |    27 ||   253
       Skin              |       |       |       |     2 ||     2
Dodge: Dodged            |    48 |    66 |   229 |    77 ||   420

Vault maps used:
D:1:      onia_arrival_handbag, minmay_misc_feat_hallway, minivault_4,
          minmay_pentomino_v2
D:2:      lemuel_upstairs_altar, uniq_sigmund, uniq_crazy_yiuf_cottage
D:3:      chequers_ecumenical_altar_island, nicolae_qazlal_style_of_elements
D:5:      first_ration
D:6:      minmay_temple_entry_glass, uniq_eustachio
D:7:      kennysheep_flooded_box
D:9:      kennysheep_mini_moat
D:10:     dpeg_oklobed_lair, serial_shops, shop
Temple:   kilobyte_greek_temple

Table legend:
 A = Turns spent in this place as a percentage of turns spent in the entire game.
 B = Non-inter-level travel turns spent in this place as a percentage of non-inter-level travel turns spent in the entire game.
 C = Inter-level travel turns spent in this place as a percentage of turns spent in this place.
 D = Turns resting spent in this place as a percentage of non-inter-level travel turns spent in this place.
 E = Turns spent auto-exploring this place as a percentage of non-inter-level travel turns spent in this place.
 F = Non-inter-level travel turns spent in this place divided by the number of levels of this place that you've seen.
                   A       B       C       D       E      F
               +-------+-------+-------+-------+-------+----------------------
         Total | 100.0 | 100.0 |   3.9 |   1.6 |  72.4 | 649.9
       Dungeon |  98.4 |  99.0 |   3.3 |   1.6 |  72.6 | 707.9
        Temple |   1.6 |   1.0 |  42.1 |   0.0 |  51.4 |  70.0
               +-------+-------+-------+-------+-------+----------------------

Table legend:
 A = Kills in this place as a percentage of kills in entire the game.
 B = Kills by you in this place as a percentage of kills by you in the entire game.
 C = Kills by friends in this place as a percentage of kills by friends in the entire game.
 D = Other kills in this place as a percentage of other kills in the entire game.
 E = Experience gained in this place as a percentage of experience gained in the entire game.
 F = Experience gained in this place divided by the number of levels of this place that you have seen.
                   A       B       C       D       E      F
               +-------+-------+-------+-------+-------+----------------------
         Total | 100.0 | 100.0 | 100.0 |   N/A | 100.0 | 770.8
       Dungeon | 100.0 | 100.0 | 100.0 |   N/A | 100.0 | 847.9
               +-------+-------+-------+-------+-------+----------------------
